 Dungeon Crawl Stone Soup version 0.31.0-9-g3a7656b989 (webtiles) character file.

Game seed: 9560531389296537339

621 qw the Skirmisher (level 7, -6/40 HPs)
             Began as a Deep Elf Hunter on Feb 2, 2024.
             Mangled by a black bear (10 damage)
             ... on level 5 of the Dungeon.
             The game lasted 00:00:17 (4266 turns).

qw the Skirmisher (Deep Elf Hunter)                 Turns: 4266, Time: 00:00:18

Health: -6/40      AC:  9    Str:  8    XL:     7   Next: 22%
Magic:  9/9        EV: 11    Int: 14    God:
Gold:   363        SH:  0    Dex: 18    Spells: 6/6 levels left

rFire   . . .        a - +0 shortbow
rCold   . . .        (shield currently unavailable)
rNeg    + . .        i - +0 ring mail
rPois   .            (no helmet)
rElec   .            b - +2 cloak
rCorr   .            n - +0 pair of gloves
SInv    .            (no boots)
Will    .....        (no amulet)
Stlth   +            l - ring of positive energy
HPRegen 0.26/turn    (no ring)
MPRegen 0.11/turn

%: no passive effects
@: about to teleport
A: talons 1, weak 1
a: no special abilities


You were on level 5 of the Dungeon.
You visited 1 branch of the dungeon, and saw 5 of its levels.

You collected 363 gold pieces.


Innate Abilities, Weirdness & Mutations

You have sharp toenails.
You are weak. (Str -2)


   Skills:
 - Level 2.4 Fighting
 + Level 10.6 Ranged Weapons
 - Level 1.2 Armour
 - Level 3.0 Dodging
 - Level 1.2 Stealth


You had 6 spell levels left.
You didn't know any spells.
Your spell library was empty.

Inventory:

Hand Weapons
 a - a +0 shortbow (weapon)
Armour
 b - a +2 cloak (worn)
 i - a +0 ring mail (worn)
 n - a +0 pair of gloves (worn)
Jewellery
 l - a ring of positive energy (left hand)
Wands
 c - a wand of charming (8)
 k - a wand of iceblast (5)
Scrolls
 g - a scroll of identify
 h - a scroll of teleportation
Potions
 d - a potion of mutation
 e - 2 potions of resistance
 f - a potion of haste
 j - 2 potions of curing

Dungeon Overview and Level Annotations

Branches:
Dungeon (5/15)
 Temple: D:4-7

Altars:
Kikubaaqudgha
Vehumet


Message History

You shoot an arrow. The arrow hits the black bear!
The black bear is severely wounded.
The black bear barely misses you.
The black bear claws you but does no damage. x2
You shoot an arrow. The arrow hits the black bear.
The black bear is severely wounded.
The black bear goes berserk!
You shoot an arrow. The arrow hits the black bear.
The black bear is almost dead.
The black bear barely misses you. The black bear claws you.
The black bear claws you but does no damage.
The black bear bites you.
The black bear claws you but does no damage.
The black bear closely misses you.
You shoot an arrow.
The arrow completely misses the black bear.
The black bear bites you. The black bear closely misses you.
The black bear claws you but does no damage.
You shoot an arrow. The arrow hits the black bear.
The black bear is almost dead.
The black bear bites you but does no damage.
The black bear closely misses you. The black bear claws you.
The black bear barely misses you. The black bear closely misses you.
The black bear barely misses you.
You shoot an arrow. The arrow hits the black bear.
The black bear is almost dead.
The black bear barely misses you. The black bear misses you.
The black bear claws you but does no damage.
You shoot an arrow.
The arrow hits the black bear but does no damage.
The black bear is almost dead.
The black bear bites you!
The black bear claws you but does no damage. x2
The black bear bites you. The black bear claws you.
The black bear barely misses you.
4266 ||| READING 2 scrolls of teleportation.
As you read the scroll of teleportation, it crumbles to dust.
You feel strangely unstable. The black bear bites you!
You die...

### ..#
#.#######.#
#.....h@#.#
#.#...#.#.#####
#.. #...[...#
#. #######.# #.
........# #
........###
..........#
#########.# #.#


You could see a black bear (berserk).

Vanquished Creatures
  A sky beast (D:4)
  A phantom (D:3)
  A scorpion (D:4)
  A quasit (D:4)
  Jessica (D:3)
  A sleepcap (D:4)
  Natasha (thrice) (D:3)
  3 gnolls (D:3)
  5 adders
  A shadow imp (D:4)
  3 white imps (D:4)
  3 ufetubi (D:4)
  A ribbon worm (D:2)
  3 dart slugs
  12 orcs
  4 endoplasms (D:2)
  2 giant cockroaches (D:3)
  6 goblins
  10 hobgoblins
  9 jackals
  4 quokkas
  8 ball pythons
  6 bats
  4 frilled lizards
  8 kobolds
  4 rats
105 creatures vanquished.

Notes
Turn   | Place    | Note
-------+----------+-------------------------------------------
     0 | D:1      | qw the Deep Elf Hunter began the quest for the Orb.
     0 | D:1      | Reached XP level 1. HP: 12/12 MP: 3/3
     0 | D:1      | 0 ||| qw: Version: 0.3-a-155-g5e7d8dd
     0 | D:1      | 0 ||| qw: Game counter: 457
     0 | D:1      | 0 ||| qw: Melee chars always use a shield: true
     0 | D:1      | 0 ||| qw: God list: Okawaru
     0 | D:1      | 0 ||| qw: Allow faded altars: false
     0 | D:1      | 0 ||| qw: Do Orc after clearing Dungeon:15 true
     0 | D:1      | 0 ||| qw: Do second Lair branch before Depths: true
     0 | D:1      | 0 ||| qw: Lair rune preference: random
     0 | D:1      | 0 ||| qw: Goals: Normal
     0 | D:1      | 0 ||| PLANNING D:1-11
   149 | D:1      | Found a faded altar of an unknown god.
   253 | D:1      | Reached XP level 2. HP: 16/16 MP: 4/4
   256 | D:1      | Reached skill level 6 in Ranged Weapons
   948 | D:1      | 948 ||| READING scroll labelled YSU BYSOGILLE.
   949 | D:1      | 949 ||| DRINKING 3 blue potions.
   949 | D:1      | Gained mutation: You occasionally lose the ability to drink
                  | potions when taking damage. [potion of mutation]
   949 | D:1      | Gained mutation: You have sharp toenails. [potion of
                  | mutation]
   950 | D:1      | 950 ||| DRINKING 2 potions of mutation.
   950 | D:1      | Lost mutation: You occasionally lose the ability to drink
                  | potions when taking damage. [potion of mutation]
   950 | D:1      | Lost mutation: You have sharp toenails. [potion of
                  | mutation]
   950 | D:1      | Gained mutation: You are weak. (Str -2) [potion of
                  | mutation]
   950 | D:1      | Gained mutation: You have sharp toenails. [potion of
                  | mutation]
   951 | D:1      | 951 ||| DRINKING 3 fuming green potions.
   952 | D:1      | 952 ||| DROPPING scroll of butterflies.
  1058 | D:2      | Reached XP level 3. HP: 20/20 MP: 5/5
  1173 | D:2      | Found an ancient bone altar of Kikubaaqudgha.
  1258 | D:2      | Reached skill level 7 in Ranged Weapons
  1484 | D:2      | Reached XP level 4. HP: 25/25 MP: 6/6
  1611 | D:2      | 1611 ||| UPGRADING to +2 cloak.
  1616 | D:2      | 1616 ||| READING scroll labelled TIETIMICLIE.
  1717 | D:2      | 1717 ||| READING 3 scrolls labelled RUAJUPN SUGGO.
  1722 | D:2      | 1722 ||| READING scroll labelled RABOC EQIARRY.
  1722 | D:2      | 1722 ||| IDENTIFYING white potion
  1723 | D:2      | 1723 ||| DROPPING potion of lignification.
  1813 | D:3      | Noticed Natasha
  1814 | D:3      | 1814 ||| FLEEEEING.
  1818 | D:3      | Killed Natasha
  1819 | D:3      | Reached skill level 8 in Ranged Weapons
  1929 | D:3      | Found a radiant altar of Vehumet.
  2016 | D:3      | Reached XP level 5. HP: 29/29 MP: 7/7
  2039 | D:3      | Noticed Natasha
  2044 | D:3      | Killed Natasha
  2073 | D:3      | Noticed Jessica
  2078 | D:3      | Killed Jessica
  2083 | D:3      | Noticed Natasha
  2085 | D:3      | Killed Natasha
  2086 | D:3      | Reached skill level 9 in Ranged Weapons
  2149 | D:3      | 2149 ||| FLEEEEING.
  2150 | D:3      | 2150 ||| FLEEEEING.
  2151 | D:3      | 2151 ||| FLEEEEING.
  2189 | D:3      | Identified the +1 hand axe "Gohu" {freeze, rC- rN++ Int+3}
  2442 | D:3      | Reached skill level 3 in Dodging
  2565 | D:3      | 2565 ||| DROPPING scarf of harm.
  2566 | D:3      | 2566 ||| UPGRADING to +0 ring mail.
  2576 | D:3      | 2576 ||| DROPPING +0 leather armour.
  2577 | D:3      | 2577 ||| READING 2 scrolls of identify.
  2577 | D:3      | 2577 ||| IDENTIFYING 2 glowing inky potions
  2602 | D:4      | Noticed a phantom
  2605 | D:4      | 2605 ||| STAIRDANCE
  2612 | D:3      | Killed a phantom
  2613 | D:3      | Reached XP level 6. HP: 29/36 MP: 8/8
  2643 | D:4      | 2643 ||| STAIRDANCE
  2806 | D:4      | Noticed a sky beast
  2816 | D:4      | Killed a sky beast
  2931 | D:4      | Reached skill level 10 in Ranged Weapons
  3036 | D:4      | Reached XP level 7. HP: 15/40 MP: 9/9
  3364 | D:4      | Reached skill level 1 in Armour
  3962 | D:4      | 3962 ||| UPGRADING to +0 pair of gloves.
  3967 | D:4      | 3967 ||| UPGRADING to ring of positive energy.
  3968 | D:4      | 3968 ||| READING 3 scrolls of identify.
  3968 | D:4      | 3968 ||| IDENTIFYING red potion
  3969 | D:4      | 3969 ||| READING 2 scrolls of identify.
  3969 | D:4      | 3969 ||| IDENTIFYING scroll labelled ZUD UGIUGOD
  3970 | D:4      | 3970 ||| DROPPING scroll of amnesia.
  4008 | D:5      | Entered Level 5 of the Dungeon
  4009 | D:5      | 4009 ||| PLANNING SEWER
  4265 | D:5      | HP: 6/40 [black bear (7)]
  4266 | D:5      | 4266 ||| READING 2 scrolls of teleportation.
  4266 | D:5      | Mangled by a black bear

Levels and vault maps discovered:
D:1:      pf_arrival_petrified_forest, layout_loops_corners,
          shapermc_ecumenical_altar_flowoftime
D:2:      layout_loops_cross, basic_altar, grunt_ministairs_2
D:3:      minmay_wonky_spiral, layout_basic, lemuel_doored_altar, uniq_natasha,
          uniq_jessica
D:4:      layout_layer_cave, serial_demonic, serial_demonic_a, serial_demonic_e,
          serial_demonic_b, serial_demonic_d
D:5:      layout_basic, cheibrodos_sewer_entry_bend, serial_shops,
          nicolae_shop_statue_plus, amcnicky_mini_rare_corridor_liquid

Skill      XL: |  1  2  3  4  5  6  7 |
---------------+----------------------+-----
Ranged Weapons | 6 7 8 9 10 | 10.6
Dodging        | 3 |  3.0
Fighting       | 2 |  2.4
Armour         | 1 |  1.2
Stealth        | |  1.2

Action                     |  1- 3 |  4- 6 |  7- 9 || total
---------------------------+-------+-------+-------++-------
   Fire: Shortbow          |   127 |   171 |    98 ||   396
    Use: Potion            |     3 |       |       ||     3
         Scroll            |     1 |     4 |     3 ||     8
 Armour: Leather armour    |    14 |    19 |       ||    33
         Ring mail         |       |    30 |    72 ||   102
  Dodge: Dodged            |    30 |    44 |    62 ||   136

Table legend:
 A = Non-vault XP
 B = Vault XP
 C = Vault XP percentage of total XP
 D = Non-vault monster count
 E = Vault monster count
 F = Vault count percentage of total count
                 A         B        C        D         E       F
            +---------+---------+-------+---------+---------+-------
      Total |     694 |     194 |  21.8 |      91 |      14 |  13.3
            +---------+---------+-------+---------+---------+-------
        D:1 |      34 |       0 |   0.0 |      22 |       0 |   0.0
        D:2 |      64 |       5 |   7.2 |      23 |       1 |   4.2
        D:3 |     271 |      79 |  22.6 |      25 |       5 |  16.7
        D:4 |     292 |     110 |  27.4 |      12 |       8 |  40.0
        D:5 |      33 |       0 |   0.0 |       9 |       0 |   0.0
            +---------+---------+-------+---------+---------+-------
